 Dungeon Crawl Stone Soup version 0.30-a0-782-ge64f9170bb (webtiles) character file.

Game seed: 14730527224035558785

3570 mopl the Carver (level 10, -2/53 HPs)
             Began as a Tengu Warper on Mar 13, 2023.
             Was a Priest of Okawaru.
             Slain by a manticore (5 damage)
             ... on level 7 of the Dungeon.
             The game lasted 00:10:06 (6756 turns).

mopl the Carver (Tengu Warper)                      Turns: 6756, Time: 00:10:06

Health: -2/53      AC: 12    Str: 16    XL:     10   Next: 9%
Magic:  0/17       EV: 16    Int: 13    God:    Okawaru [***...]
Gold:   306        SH:  0    Dex: 14    Spells: 3/17 levels left

rFire   . . .      SeeInvis .    a - +0 scimitar
rCold   . . .      Faith    .    (no shield)
rNeg    . . .      Spirit   +    J - +2 ring mail {Will+}
rPois   .          Reflect  .    (helmet restricted)
rElec   .          Harm     .    o - +1 cloak
rCorr   .          Rampage  .    k - +0 pair of gloves
Will    +....                    (boots unavailable)
Stlth   ++                       e - amulet of guardian spirit
HPRegen 0.28/turn                (no ring)
MPRegen 0.15/turn                (no ring)

@: heroic, flying quickly and evasively, quick
A: beak, talons 3, nimble flight
a: Renounce Religion, Heroism


You were on level 7 of the Dungeon.
You worshipped Okawaru.
Okawaru was most pleased with you.
You visited 1 branch of the dungeon, and saw 7 of its levels.

You collected 306 gold pieces.

Inventory:

Hand Weapons
 a - a +0 scimitar (weapon)
 b - a +1 dagger of venom
 x - a +1 short sword of draining
Missiles
 d - 7 boomerangs of dispersal
 w - a throwing net
 y - 10 poisoned darts (quivered)
 C - 9 boomerangs
Armour
 k - a +0 pair of gloves (worn)
 o - a +1 cloak (worn)
 v - a +0 kite shield
 B - +0 ice dragon scales
 J - a +2 ring mail of willpower (worn)
Jewellery
 e - an amulet of guardian spirit (around neck)
 n - a ring of poison resistance
Wands
 l - a wand of acid (2)
Scrolls
 c - 3 scrolls of blinking
 h - 5 scrolls of teleportation
 i - 2 scrolls of summoning {unknown}
 s - a scroll of magic mapping {unknown}
 t - a scroll of fog {unknown}
 z - 2 scrolls of identify {unknown}
 D - 2 scrolls of enchant armour {unknown}
 F - a scroll of fear {unknown}
 G - a scroll of brand weapon {unknown}
 I - a scroll of amnesia {unknown}
Potions
 f - 2 potions of attraction {unknown}
 g - 3 potions of haste {unknown}
 j - 3 potions of degeneration {unknown}
 m - a potion of berserk rage {!q}
 p - a potion of lignification {unknown}
 q - 2 potions of mutation {unknown}
 r - 4 potions of curing
 A - 2 potions of invisibility {unknown}
 E - a potion of might
 H - a potion of ambrosia {unknown}


   Skills:
 + Level 2.2(7.2) Fighting
 * Level 11.2(16.2) Long Blades
 - Level 1.0(6.0) Throwing
 + Level 1.5(6.5) Armour
 + Level 2.5(7.5) Dodging
 - Level 4.0 Spellcasting
 + Level 5.3 Translocations
 - Level 5.0 Air Magic
 + Level 4.9 Invocations


You had 3 spell levels left.
You knew the following spells:

 Your Spells              Type           Power      Damage    Failure   Level
a - Vhi's Electric Charg  Tloc/Air       32%        N/A       13%         3
b - Manifold Assault      Tloc           16%        N/A       38%         4
c - Lesser Beckoning      Tloc           32%        N/A       6%          2
e - Blink                 Tloc           32%        N/A       6%          2
t - Teleport Other        Tloc           16%        N/A       12%         3

Your spell library contained the following spells:

 Spells                   Type           Power      Damage    Failure   Level
 Arcjolt                  Conj/Air       4%         1d14      98%         5
 Maxwell's Capacitive Co  Air            7%         ∞         100%        8


Dungeon Overview and Level Annotations

Branches:
Dungeon (7/15)             Temple (0/1) D:7

Altars:
Ashenzari
Cheibriados
Kikubaaqudgha
Okawaru
Sif Muna
Trog

Shops:
D:3 =


Innate Abilities, Weirdness & Mutations

You have a beak for a mouth.
You have claws for feet.
Your magical nature lets you fly swiftly and evasively.


Message History

The manticore is lightly wounded.
The manticore bites you! The manticore closely misses you.
The manticore claws you but does no damage.
You are too injured to fight recklessly!
You are too injured to fight recklessly!
You gain the combat prowess of a mighty hero.
You can no longer speed up your combat.
The manticore bites you. The manticore barely misses you.
The manticore claws you but does no damage.
You hit the manticore.
The manticore looks as sick as possible!
Your punch misses the manticore.
The manticore is lightly wounded.
You hit the manticore but do no damage. Your kick misses the manticore.
You punch the manticore.
The manticore is moderately wounded.
The manticore misses you. The manticore claws you.
The manticore closely misses you.
You hit the manticore. Your peck misses the manticore.
The manticore is moderately wounded.
Your +1 dagger of venom stops dripping with poison.
a - a +0 scimitar (weapon)
The manticore bites you!
* * * LOW HITPOINT WARNING * * *
The manticore closely misses you. x2
You hit the manticore.
You peck the manticore, but do no damage.
The manticore is heavily wounded.
The manticore bites you!
* * * LOW HITPOINT WARNING * * *
The manticore claws you.
* * * LOW HITPOINT WARNING * * *
The manticore claws you but does no damage.
Aiming: Corrosive Bolt
Press: ? - help, Shift-Dir - straight line, f - manticore
Aim: a manticore (moderately wounded, extremely poisoned, 83% to hit)
The bolt of acid hits the manticore!
The acid corrodes the manticore!
The manticore is severely wounded.
The manticore closely misses you. The manticore claws you.
You die...

.#.. ..... ## #..># #.
#.8#### #...# #.
##.y+..H@.######...######
#..8#..#8(.#...........<†
.###+####.#...P.P.......
#$$$![?#'#....>........
#######.# #.P.P...####
#..#8.)# #.....#.#
+..'†)## ##....#.##
#8†#### ###.......###
##'# ####....##.###.#


You could see a manticore (extremely poisoned, corroded).

Vanquished Creatures
  Joseph (D:7)
  Sigmund (D:4)
  5 yaks
  Edmund (D:6)
  A water moccasin (D:7)
  An orc warrior (D:6)
  An ice beast (D:6)
  2 sky beasts (D:7)
  3 centaurs
  A phantom (D:5)
  A kobold brigand (D:6)
  4 scorpions
  3 bullfrogs
  3 wights (D:7)
  3 killer bees (D:6)
  A howler monkey (D:5)
  A jelly (D:6)
  Crazy Yiuf (D:6)
  2 hounds
  An orc priest (D:7)
  5 iguanas
  4 orc wizards
  9 gnolls
  7 adders
  A white imp (D:5)
  A worm (D:2)
  6 dart slugs
  26 orcs
  An endoplasm (D:3)
  3 giant cockroaches
  9 goblins
  7 hobgoblins
  6 quokkas
  9 ball pythons
  5 bats
  2 frilled lizards
  10 kobolds
  7 rats
155 creatures vanquished.

Vanquished Creatures (others)
  7 plants
7 creatures vanquished.

Grand Total: 162 creatures vanquished

Notes
Turn   | Place    | Note
-------+----------+-------------------------------------------
     0 | D:1      | mopl the Tengu Warper began the quest for the Orb.
     0 | D:1      | Reached XP level 1. HP: 12/12 MP: 4/4
    83 | D:1      | Reached skill level 3 in Long Blades
    83 | D:1      | Reached XP level 2. HP: 17/17 MP: 6/6
   118 | D:1      | Learned a level 2 spell: Blink
   121 | D:1      | Learned a level 2 spell: Lesser Beckoning
   232 | D:1      | Reached XP level 3. HP: 20/21 MP: 4/7
   481 | D:1      | Reached skill level 4 in Long Blades
   859 | D:2      | Reached XP level 4. HP: 22/26 MP: 4/8
  1544 | D:3      | Identified the +1 robe of the Shore {Dex+3}
  1708 | D:3      | Reached skill level 5 in Long Blades
  1801 | D:3      | Gained mutation: Your magical nature lets you fly swiftly
                  | and evasively. [Tengu growth]
  1801 | D:3      | Reached XP level 5. HP: 28/30 MP: 7/9
  1938 | D:3      | Found a snail-covered altar of Cheibriados.
  1943 | D:3      | Found a shimmering blue altar of Sif Muna.
  2055 | D:3      | Found a broken altar of Ashenzari.
  2059 | D:3      | Saw a vision of the Swamp and the Snake Pit.
  2059 | D:3      | Noticed a mana viper
  2059 | D:3      | Noticed a black mamba
  2059 | D:3      | Noticed a swamp drake
  2059 | D:3      | Noticed a bunyip
  2059 | D:3      | Noticed a will-o-the-wisp
  2059 | D:3      | Noticed a vampire mosquito
  2061 | D:3      | Noticed a naga
  2061 | D:3      | Noticed an eleionoma
  2061 | D:3      | Noticed a black mamba
  2104 | D:3      | Reached skill level 6 in Long Blades
  2290 | D:3      | Found Redef's Jewellery Shoppe.
  2635 | D:4      | HP: 1/30 [orc/+1 dagger of electrocution (15)]
  2849 | D:4      | Reached XP level 6. HP: 33/35 MP: 10/10
  2920 | D:4      | Reached skill level 7 in Long Blades
  2946 | D:4      | Learned a level 3 spell: Teleport Other
  2963 | D:4      | Identified the +3 halberd "Zoitem" {freeze, Str+3 Int+3}
  3131 | D:4      | Found an iron altar of Okawaru.
  3132 | D:4      | Found a bloodstained altar of Trog.
  3147 | D:4      | Became a worshipper of Warmaster Okawaru
  3210 | D:4      | Noticed Sigmund
  3217 | D:4      | Killed Sigmund
  3218 | D:4      | Reached skill level 1 in Invocations
  3218 | D:4      | Reached XP level 7. HP: 20/40 MP: 6/11
  3567 | D:5      | Entered Level 5 of the Dungeon
  3610 | D:5      | Reached skill level 3 in Translocations
  3833 | D:5      | Reached * piety under Okawaru
  4057 | D:5      | Reached skill level 8 in Long Blades
  4115 | D:5      | Reached skill level 3 in Spellcasting
  4115 | D:5      | Reached skill level 2 in Invocations
  4123 | D:5      | Reached XP level 8. HP: 32/44 MP: 10/13
  4312 | D:6      | Found an ancient bone altar of Kikubaaqudgha.
  4795 | D:6      | Reached ** piety under Okawaru
  4803 | D:6      | Reached skill level 9 in Long Blades
  4807 | D:6      | Learned a level 3 spell: Vhi's Electric Charge
  4812 | D:6      | Learned a level 4 spell: Manifold Assault
  4981 | D:6      | Noticed Edmund
  4996 | D:6      | Killed Edmund
  4997 | D:6      | Reached skill level 4 in Translocations
  4997 | D:6      | Reached skill level 1 in Air Magic
  4997 | D:6      | Reached skill level 3 in Invocations
  5086 | D:6      | Reached skill level 4 in Spellcasting
  5377 | D:6      | Found a runed translucent door.
  5378 | D:6      | Noticed Crazy Yiuf
  5387 | D:6      | Killed Crazy Yiuf
  5388 | D:6      | Reached skill level 2 in Air Magic
  5625 | D:7      | HP: 1/44 [orc warrior/+0 scimitar (12)]
  5798 | D:6      | Reached XP level 9. HP: 21/48 MP: 6/16
  6053 | D:7      | Reached *** piety under Okawaru
  6054 | D:7      | Reached skill level 3 in Air Magic
  6059 | D:7      | Noticed Joseph
  6071 | D:7      | Reached skill level 10 in Long Blades
  6080 | D:7      | Killed Joseph
  6081 | D:7      | Reached skill level 4 in Invocations
  6244 | D:7      | Reached skill level 4 in Air Magic
  6328 | D:7      | Found a staircase to the Ecumenical Temple.
  6366 | D:6      | Reached skill level 5 in Translocations
  6496 | D:6      | Reached **** piety under Okawaru
  6554 | D:7      | Reached skill level 11 in Long Blades
  6554 | D:7      | Reached skill level 5 in Air Magic
  6554 | D:7      | Reached XP level 10. HP: 36/53 MP: 11/17
  6742 | D:7      | Noticed a manticore
  6755 | D:7      | HP: 2/53 [manticore (3)]
  6756 | D:7      | Slain by a manticore

Illustrated notes

Levels and vault maps discovered:
D:1:      minmay_arrival_shoal_huts, layout_basic, nrook_mini_vaults
D:2:      layout_basic, st_stairs_13
D:3:      layout_basic, grunt_ashenzari_visionary
          [grunt_ashenzari_visionary_swamp, grunt_ashenzari_visionary_snake],
          mainiacjoe_overflow_big_doors, serial_shops, shop
D:4:      corexii_shack_village, layout_basic, grunt_temple_overflow_bloody_war,
          sigmund_army
D:5:      layout_basic, serial_bayou_pond_c, uniq_sigmund
D:6:      layout_loops_corners, kiku_gazebo_pond_becter,
          uniq_crazy_yiuf_cottage, uniq_edmund
D:7:      minmay_chambers_of_sixes, layout_loops_cross,
          minmay_temple_entry_trees, nicolae_concentric_dashed_squares_mild,
          uniq_joseph

Skill      XL: |  1  2  3  4  5  6  7  8  9 |
---------------+----------------------------+-----
Long Blades    | 3 4 5 6 7 8 9 11 | 11.2
Invocations    | 1 2 3 4 |  4.9
Translocations | 3 4 5 |  5.3
Spellcasting   | 3 4 |  4.0
Air Magic      | 2 5 |  5.0
Fighting       | |  2.2
Throwing       | |  1.0
Armour         | |  1.5
Dodging        | |  2.5

Action                     |  1- 3 |  4- 6 |  7- 9 | 10-12 || total
---------------------------+-------+-------+-------+-------++-------
  Melee: Falchion          |    83 |    37 |    37 |       ||   157
         Kick              |    14 |    49 |   123 |    12 ||   198
         Peck              |     3 |    34 |    92 |     5 ||   134
         Punch             |     1 |     2 |     6 |     1 ||    10
         Dagger            |       |   136 |   247 |    38 ||   421
         Scimitar          |       |       |    25 |     1 ||    26
  Throw: Dart              |       |       |     1 |       ||     1
 Invoke: Heroism           |       |       |     1 |     1 ||     2
  Evoke: Wand              |       |     1 |     5 |     1 ||     7
    Use: Scroll            |       |       |     1 |       ||     1
   Stab: Sleeping          |       |     2 |       |       ||     2
 Armour: Leather armour    |    26 |    38 |    36 |       ||   100
         Ring mail         |       |       |    26 |    16 ||    42
  Dodge: Dodged            |    60 |    76 |   163 |    21 ||   320

Table legend: (Time is in decaauts)
 A = Elapsed time spent in this place.
 B = Non-inter-level travel time spent in this place.
 C = Inter-level travel time spent in this place.
 D = Time resting spent in this place.
 E = Time spent auto-exploring this place.
 F = Levels seen in this place.
 G = Mean time per level.
                   A        B        C        D        E       F      G
               +--------+--------+--------+--------+--------+-----+--------+
         Total |   6355 |   6105 |    250 |   1411 |   3394 |   7 |  907.9 |
       Dungeon |   6355 |   6105 |    250 |   1411 |   3394 |   7 |  907.9 |
               +--------+--------+--------+--------+--------+-----+--------+

Top non-repeatable levels by time:
     D:6: 1689 daAuts
     D:4: 1184 daAuts
     D:2: 857 daAuts
     D:3: 786 daAuts
     D:5: 718 daAuts
     D:1: 682 daAuts
     D:7: 436 daAuts
